Map: Frost LE

Players

HydraOnStim

  • Race: Terran Terran
  • League: Gold

SPARKEATER - Winner!

  • Race: Terran Terran
  • League: Gold

VOD

Have the link to the VOD?

Description

Time

  • Played on: July 12, 2016, 2:28 p.m.
  • Length: 16:13
Show
View Real Time Build Order
Export as new Build Order

HydraOnStim Terran 

Build Orders:  

Get SALT Encoding   

  12  0:01  SCV  
  13  0:13  SCV  
  14  0:22  Supply Depot  
  14  0:25  SCV  
  15  0:31  Refinery  
  15  0:43  SCV  
  15  0:47  Barracks  
  16  0:55  SCV  
  17  1:07  Refinery  
  17  1:08  SCV  
  18  1:20  SCV  
  18  1:23  Supply Depot  
  19  1:34  Orbital Command  
  19  1:35  Marine  
  20  1:48  Factory  
  20  1:54  Barracks Tech Lab  
  20  2:00  SCV  
  21  2:12  SCV, Marine  
  23  2:24  SCV  
  24  2:36  SCV  
  25  2:39  Starport  
  25  2:40  Siege Tank  
  25  2:43  Barracks Reactor  
  28  2:48  SCV  
  29  2:54  Supply Depot  
  29  3:00  SCV, Supply Depot  
  31  3:12  SCV  
  31  3:16  Siege Tank  
  34  3:28  Medivac  
  34  3:29  Medivac  
  38  3:34  Marine  
  38  3:37  SCV  
  40  3:49  SCV  
  40  3:52  Marine  
  42  4:02  Command Center  
  42  4:08  Siege Tank  
  45  4:10  Marine  
  46  4:20  SCV  
  47  5:14  Viking  
  42  5:56  Orbital Command  
  37  5:58  Viking x2  
  37  6:02  Siege Tank  
  44  6:04  Barracks x2  
  44  6:05  Barracks  
  44  6:11  Liberator x2  
  43  6:32  SCV  
  50  6:37  Siege Tank  
  53  6:41  Supply Depot  
  53  6:42  SCV, Supply Depot x2  
  53  6:44  SCV  
  55  6:54  SCV  
  55  6:55  Marine x4  
  55  6:56  SCV  
  61  7:04  Barracks  
  61  7:06  SCV  
  61  7:08  SCV  
  59  7:12  Marine  
  53  7:18  SCV  
  53  7:20  SCV  
  48  7:22  Marine x2  
  48  7:23  Marine  
  48  7:29  Liberator  
  49  7:30  Liberator, Marine  
  49  7:31  SCV  
  45  7:40  Marine x3  
  44  7:48  Marine  
  44  7:49  SCV  
  44  7:50  SCV  
  53  7:58  Marine x3, Engineering Bay  
  53  8:01  SCV, Engineering Bay  
  57  8:06  Marine  
  57  8:12  Marine  
  59  8:16  Marine x3  
  59  8:24  Marine  
  58  8:30  Marine  
  58  8:34  Marine  
  52  8:50  Marine  
  52  8:51  Marine x2  
  52  8:52  Marine  
  57  8:59  Barracks Tech Lab  
  56  9:08  Marine x3  
  56  9:09  Marine  
  60  9:26  Marine x2  
  36  11:01  Marine x4, Marauder  
  39  11:05  Viking  
  41  11:15  Missile Turret  
  41  11:16  Missile Turret  
  41  11:18  Marine  
  41  11:19  Marine x3, Refinery  
  41  11:23  Marauder  
  47  11:36  Marine  
  47  11:37  Marine x3  
  50  11:44  Marauder  
  52  11:54  Marine x2  
  52  11:55  Stimpack, Marine x2  
  56  12:02  Barracks x2  
  56  12:06  Marauder  
  58  12:12  Marine x3, Siege Tank, Command Center  
  58  12:13  Marine  
  65  12:20  SCV  
  66  12:24  SCV  
  66  12:27  Marauder  
  69  12:30  Marine x4  
  69  12:32  SCV  
  69  12:35  Refinery  
  69  12:36  SCV  
  75  12:41  Missile Turret  
  75  12:42  Missile Turret  
  75  12:44  SCV  
  75  12:48  SCV, Marine x4, Marauder  
  83  12:52  Siege Tank  
  83  12:53  Barracks  
  85  13:05  Marine  
  86  13:17  Supply Depot  
  86  13:18  Supply Depot  
  86  13:23  Marine x3  
  86  13:24  Marauder, Medivac x2  
  95  13:38  Marine  
  96  13:41  Marine x3  
  96  13:42  Command Center  
  96  13:45  Terran Infantry Weapons Level 1, Marauder  
  96  13:46  Terran Infantry Armor Level 1  
  101  13:51  Barracks Reactor  
  101  13:52  Barracks Reactor  
  101  14:07  Medivac x2, Marauder  
  107  14:12  Supply Depot  
  107  14:13  Supply Depot  
  107  14:14  SCV  
  108  14:28  Marauder  
  110  14:50  Marauder  
  112  14:56  Marine x3  
  115  15:00  Orbital Command  
  115  15:03  Marine  
  116  15:11  Marauder  
  116  15:13  Marine  
  119  15:32  Marauder  
  121  15:38  Marine  
  121  15:39  Marine x2  
Show
View Real Time Build Order
Export as new Build Order

SPARKEATER Terran - Winner!

Build Orders:  

Get SALT Encoding   

  12  0:00  SCV  
  13  0:13  SCV  
  14  0:17  Supply Depot  
  14  0:25  SCV  
  15  0:39  SCV  
  16  0:42  Barracks  
  16  0:50  Refinery  
  16  0:51  SCV  
  17  1:03  SCV  
  18  1:15  SCV  
  19  1:27  SCV  
  20  1:36  Command Center  
  20  1:39  Marine  
  21  1:42  SCV  
  23  1:55  Orbital Command  
  22  2:02  Factory  
  22  2:19  Refinery  
  22  2:20  Marine  
  23  2:47  Marine  
  23  2:48  SCV  
  23  2:50  Starport  
  25  2:56  Orbital Command  
  25  3:00  SCV  
  26  3:05  Marine  
  26  3:12  SCV  
  28  3:23  Marine  
  28  3:24  SCV, Barracks  
  30  3:28  SCV  
  30  3:29  Medivac  
  32  3:41  Marine  
  32  3:42  SCV x2, Engineering Bay  
  32  3:47  Bunker  
  35  3:54  SCV x2  
  37  3:57  Supply Depot  
  37  3:59  Marine  
  38  4:14  Barracks  
  38  4:19  Marine, Medivac  
  38  4:23  Missile Turret  
  41  4:30  Marine  
  42  4:36  Marine  
  43  4:44  Factory Tech Lab  
  43  4:45  Barracks  
  43  4:48  Marine  
  43  4:49  Medivac  
  46  5:02  Marine, Supply Depot  
  46  5:05  Marine  
  48  5:20  Marine  
  45  5:23  Marine  
  43  5:37  Marine  
  43  5:41  Marine  
  44  5:44  Marine  
  41  5:55  Marine  
  42  5:59  Marine  
  42  6:01  Marine  
  43  6:11  Viking  
  45  6:17  Marine  
  47  6:19  Marine  
  47  6:22  Barracks  
  47  6:34  Marine, Siege Tank, Barracks Tech Lab  
  47  6:37  Marine  
  52  6:41  Viking  
  54  6:50  Engineering Bay  
  54  6:52  Marine  
  55  6:55  Marine  
  56  7:04  Marine  
  56  7:06  Siege Tank  
  60  7:10  Marine  
  60  7:13  Marine  
  56  7:22  Marine  
  55  7:28  Marine  
  52  7:30  Marine  
  51  7:38  Siege Tank  
  51  7:39  Stimpack, Marine  
  51  7:41  Barracks  
  50  7:46  Marine x2  
  50  7:48  Marine  
  53  7:51  Refinery  
  53  7:55  Supply Depot  
  53  7:56  Terran Infantry Weapons Level 1  
  53  7:57  Marine  
  54  8:04  Marine x2  
  56  8:05  Starport Reactor  
  56  8:06  Marine  
  56  8:09  SCV  
  56  8:10  Siege Tank  
  56  8:11  SCV  
  62  8:17  Marauder  
  63  8:21  Marine  
  63  8:22  Marine  
  63  8:24  Marine  
  64  8:38  Marine  
  64  8:39  Marine  
  64  8:40  Marine  
  58  8:42  Siege Tank  
  48  8:52  Viking, Medivac  
  52  8:56  Marauder  
  52  8:59  Command Center  
  54  9:06  SCV x2  
  56  9:11  Marine x2  
  56  9:14  Siege Tank  
  61  9:18  SCV x2, Marauder  
  61  9:19  Supply Depot  
  61  9:22  Medivac  
  67  9:25  Missile Turret  
  67  9:30  SCV x2  
  68  9:34  Missile Turret  
  68  9:42  SCV x2, Missile Turret  
  66  10:01  Siege Tank  
  66  10:03  Viking, Medivac  
  58  10:22  Marine  
  58  10:23  Marine x4, Marauder  
  58  10:33  Widow Mine  
  60  10:40  Marine x2  
  60  10:41  Marine x3  
  62  10:44  Marauder  
  57  10:58  Marine x3  
  57  10:59  Marine x2  
  62  11:06  Marauder  
  64  11:16  Marine x5  
  69  11:27  Marauder  
  69  11:29  Bunker  
  71  11:34  Marine x5  
  69  11:45  SCV x2  
  69  11:46  Siege Tank  
  71  11:48  Marauder  
  71  11:51  Barracks  
  71  11:52  Marine x2  
  75  11:59  Planetary Fortress  
  75  12:10  Marauder  
  75  12:11  SCV x2  
  75  12:12  Marine  
  80  12:17  Missile Turret  
  80  12:19  Medivac  
  80  12:20  Medivac  
  84  12:31  Marauder  
  84  12:35  Marine x5, Missile Turret  
  91  12:40  Marine  
  92  12:52  Marine  
  92  12:55  Terran Infantry Armor Level 1, Starport  
  93  13:13  Marine x2, Medivac x2  
  93  13:15  Supply Depot  
  93  13:19  SCV x2, Supply Depot  
  101  13:23  Refinery, Combat Shields  
  101  13:32  Supply Depot  
  101  13:36  Siege Tank  
  101  13:38  SCV x2  
  106  13:43  Viking, Medivac  
  110  13:50  SCV x2  
  112  13:56  Marine x2  
  112  14:00  Ghost Academy  
  112  14:02  SCV x2  
  116  14:13  Viking  
  116  14:14  SCV x2  
  120  14:29  Marine x3  
  120  14:30  Marauder  
  125  14:55  Command Center  
Tags
 
League
GoldGold
Matchup
TvT
Race
Terran
Add a new tag
Caveats
  • Supply blocks, unpowered buildings, or Contaminate may cause inaccurate times.
  • Supply counts are checked every 10 seconds.